 Dungeon Crawl Stone Soup version 0.23-a0-143-g1adec7b (webtiles) character file.

11 tsouns the Skirmisher (level 2, 0/20 HPs)
             Began as a Gargoyle Wanderer on Sept 1, 2018.
             Slain by a jackal (2 damage)
             ... on level 1 of the Dungeon.
             The game lasted 00:03:10 (714 turns).

tsouns the Skirmisher (Gargoyle Wanderer)            Turns: 714, Time: 00:03:11

Health: 0/20       AC:  8    Str: 14    XL:     2   Next: 25%
Magic:  2/2        EV: 10    Int: 13    God:
Gold:   63         SH:  0    Dex:  9    Spells: 1/1 levels left

rFire    . . .     SeeInvis .   k - +0 dagger
rCold    . . .     Gourm    .   (no shield)
rNeg     + . .     Faith    .   c - +0 ring mail
rPois    ∞         Spirit   .   (no helmet)
rElec    +         Reflect  .   (no cloak)
rCorr    .         Harm     .   (no gloves)
MR       .....                  (no boots)
Stlth    ..........             (no amulet)
HPRegen  0.06/turn              (no ring)
MPRegen  0.08/turn              (no ring)

@: no status effects
A: negative energy resistance 1, electricity resistance, unbreathing,
petrification resistance, rot immunity, AC +2
a: no special abilities


You were on level 1 of the Dungeon.
You were not hungry.

You visited 1 branch of the dungeon, and saw 1 of its levels.

You collected 63 gold pieces.

Inventory:

Hand Weapons
 b - a +2 blowgun
 k - a +0 dagger (weapon)
Missiles
 a - a curare-tipped needle
Armour
 c - a +0 ring mail (worn)
Scrolls
 e - a scroll of remove curse {unknown}
 i - a scroll of magic mapping {unknown}
 j - a scroll of amnesia {unknown}
 l - a scroll of fog {unknown}
Potions
 d - a potion of lignification
 g - a potion of cancellation {unknown}
 h - a potion of brilliance {unknown}
Comestibles
 f - 3 rations


   Skills:
 + Level 3.9 Fighting
   Level 1.0 Maces & Flails
 - Level 1.8 Throwing
 - Level 3.3 Armour
 - Level 1.0 Dodging


You had one spell level left.
You didn't know any spells.
Your spell library was empty.

Dungeon Overview and Level Annotations

Branches:
Dungeon (1/15)

Altars:


Innate Abilities, Weirdness & Mutations

You are resistant to torment.
Your stone body is resilient. (AC +2)
You are immune to poison.
You resist negative energy. (rN+)
You are resistant to electric shocks. (rElec)
You can survive without breathing.
You are immune to petrification.
You are immune to rotting.


Message History

The giant cockroach bites you but does no damage.
The jackal bites you but does no damage.
The giant cockroach waves its antennae.
The giant cockroach bites you.
* * * LOW HITPOINT WARNING * * *
The jackal closely misses you.
You closely miss the jackal.
The jackal is moderately wounded.
The jackal misses you.
You closely miss the jackal.
The jackal is moderately wounded.
The jackal closely misses you.
The jackal bites you but does no damage.
You hit the jackal but do no damage.
The jackal is moderately wounded.
The jackal misses you.
You miss the jackal.
The jackal is moderately wounded.
The jackal bites you.
You die...

#.#.#####...#..#.#.####.#
#.##... ..#
#...#....(......# #......
........#.#.######
####... #.##.###.#.#.#
###. #. #.......#.## #P.
# #####....(.# ##.
#.........# #P.
#.##.#....# ##.
##.##.#@#### #P.
......#h#######. ##.
.......s........ #P.
##.####.#######. ##. #†#
#P. #.# ##. ...h....# #.
.#.....## ## #h.#h#.


You could see a jackal and a giant cockroach.

Vanquished Creatures
  A leopard gecko (D:1)
  A hobgoblin (D:1)
  2 jackals (D:1)
  A goblin (D:1)
  3 kobolds (D:1)
  2 rats (D:1)
  A fungus (D:1)
11 creatures vanquished.

Vanquished Creatures (others)
  A fungus (D:1)
1 creature vanquished.

Grand Total: 12 creatures vanquished

Notes
Turn   | Place    | Note
-------+----------+-------------------------------------------
     0 | D:1      | tsouns the Gargoyle Wanderer began the quest for the Orb.
     0 | D:1      | tsouns set off with: 2 curare-tipped needles, a +2 blowgun,
                  | a +0 ring mail, a potion of lignification, a ration
     0 | D:1      | Reached XP level 1. HP: 14/14 MP: 1/1
   632 | D:1      | Reached XP level 2. HP: 10/20 MP: 2/2
   714 | D:1      | Slain by a jackal

Vault maps used:
D:1:      minmay_arrival_plants_in_alcoves, roderic_roman_lattice,
          minmay_gold_behind_fungi

Action                   || total
-------------------------++-------
Melee: Unarmed           ||    86
       Dagger            ||    44
 Fire: Blowgun           ||     4
Armor: Ring mail         ||    46
Dodge: Dodged            ||    60

Table legend:
 A = Non-vault XP
 B = Vault XP
 C = Vault XP percentage of total XP
 D = Non-vault monster count
 E = Vault monster count
 F = Vault count percentage of total count
                 A         B        C        D         E       F
            +---------+---------+-------+---------+---------+-------
      Total |      16 |       0 |   0.0 |      10 |       0 |   0.0
            +---------+---------+-------+---------+---------+-------
        D:1 |      16 |       0 |   0.0 |      10 |       0 |   0.0
            +---------+---------+-------+---------+---------+-------
